 Dungeon Crawl Stone Soup version 0.30.1-3-gfc49f6343a (webtiles) character file.

Game seed: 6559181836669908066

67 Zeor the Slasher (level 4, -4/33 HPs)
             Began as a Demonspawn Gladiator on Aug 7, 2023.
             Slain by a kobold brigand
             ... wielding a +0 battleaxe
              (10 damage)
             ... on level 3 of the Dungeon.
             The game lasted 00:05:15 (1472 turns).

Zeor the Slasher (Demonspawn Gladiator)             Turns: 1472, Time: 00:05:15

Health: -4/33      AC:  5    Str: 14    XL:     4   Next: 0%
Magic:  4/4        EV: 13    Int:  9    God:
Gold:   76         SH:  0    Dex: 17    Spells: 3/3 levels left

rFire   . . .        a - +5 triple sword (protect)
rCold   . . .        (shield currently unavailable)
rNeg    . . .        b - +0 leather armour
rPois   .            c - +0 helmet
rElec   .            (no cloak)
rCorr   .            r - +0 pair of gloves
SInv    +            (no boots)
Will    .....        (no amulet)
Stlth   +            o - ring of see invisible
HPRegen 0.25/turn    (no ring)
MPRegen 0.09/turn

%: no passive effects
@: flying
A: hooves 1, powered by death 1
a: no special abilities


You were on level 3 of the Dungeon.
You visited 1 branch of the dungeon, and saw 3 of its levels.

You collected 76 gold pieces.

Inventory:

Hand Weapons
 a - a +5 triple sword of protection (weapon)
 f - a +1 long sword
 k - a +1 sling of electrocution
Missiles
 d - 3 throwing nets (quivered)
 e - a javelin
Armour
 b - a +0 leather armour (worn)
 c - a +0 helmet (worn)
 r - a +0 pair of gloves (worn)
Jewellery
 o - a ring of see invisible (left hand)
 q - an amulet of regeneration
Wands
 l - a wand of charming (13)
Scrolls
 p - 2 scrolls of butterflies
Potions
 i - a potion of berserk rage {unknown}
 j - a potion of curing {unknown}
 n - a potion of ambrosia {unknown}


   Skills:
 + Level 2.2 Fighting
 * Level 3.8 Long Blades
 + Level 1.9 Throwing
 + Level 0.4 Armour
 + Level 3.1 Dodging


You had 3 spell levels left.
You didn't know any spells.
Your spell library contained the following spells:

 Spells                   Type           Power      Damage    Failure   Level
 Inner Flame              Hex/Fire       0%         N/A       83%         3
 Portal Projectile        Hex/Tloc       0%         N/A       83%         3
 Tukima's Dance           Hex            0%         N/A       83%         3
 Summon Lightning Spire   Summ/Air       0%         N/A       99%         4
 Blade Hands              Tmut           0%         N/A       100%        5
 Yara's Violent Unravell  Hex/Tmut       0%         3d3       100%        5
 Enfeeble                 Hex            0%         N/A       100%        7
 Storm Form               Tmut/Air       0%         N/A       100%        7
 Maxwell's Capacitive Co  Air            0%         ∞         100%        8


Dungeon Overview and Level Annotations

Branches:
Dungeon (3/15)

Altars:
Hepliaklqana


Innate Abilities, Weirdness & Mutations

You have large cloven feet.
You regenerate a little health from kills.


Message History

Found 8 gold pieces.
The hobgoblin shouts!
The hobgoblin barely misses you.
You hit the hobgoblin.
Your weapon exudes an aura of protection.
You kick the hobgoblin, but do no damage.
The hobgoblin is almost dead.
A kobold brigand comes into view.
It is wielding a +0 battleaxe and quivering poisoned darts.
The hobgoblin misses you. x2
You slice the hobgoblin!!
You kill the hobgoblin!
The kobold brigand throws a poisoned dart.
The poisoned dart hits you!
You are poisoned.
You have reached level 4!
You feel agile.
You feel very sick.
You feel sick.
You barely miss the kobold brigand. You kick the kobold brigand.
The kobold brigand is lightly wounded.
You feel very sick.
The kobold brigand hits you with a +0 battleaxe!
Unknown command.
You are too injured to fight recklessly!
You are too injured to fight recklessly!
You closely miss the kobold brigand.
The kobold brigand is lightly wounded.
You feel sick.
The kobold brigand hits you with a +0 battleaxe.
* * * LOW HITPOINT WARNING * * *
The kobold brigand barely misses you.
You closely miss the kobold brigand.
The kobold brigand is lightly wounded.
You feel sick. The kobold brigand barely misses you.
It was a potion of flight.
You feel very buoyant.
You fly up into the air.
You feel sick.
You are no longer poisoned.
The kobold brigand hits you with a +0 battleaxe!
You die... ▒∙∙∙∙∙ ▒∙ ▒∙∙∙∙ ∙ ▒∙∙ ▒∙∙∙$ ∙∙ $∙∙∙

∙∙∙ ~~ ∙∙∙∙▒▒▒∙∙ ~~
∙∙∙∙∙∙∙∙▒▒▒▒ ≈▒
∙∙∙∙∙∙?∙∙∙∙▒▒▒▒▒∙∙∙
∙▒∙∙∙∙∙)6K∙∙∙∙∙▒
▒▒∙)▒▒▒∙∙∙∙∙▒▒▒
▒∙∙(∙▒▒▒▒▒▒▒∙∙
▒∙∙∙∙†∙∙∙∙∙∙∙∙
▒∙∙∙∙∙∙∙∙∙∙∙∙∙
▒)))∙∙∙∙∙∙∙∙▒∙ ▒∙
▒∙!>∙∙∙∙∙∙∙∙∙∙ ▒∙∙
▒∙∙∙∙∙∙∙∙∙∙∙∙∙ ▒∙∙
▒∙∙∙∙∙∙∙∙∙▒∙▒∙


You could see a kobold brigand.

Vanquished Creatures
  2 adders
  A worm (D:3)
  A dart slug (D:2)
  An endoplasm (D:3)
  A giant cockroach (D:2)
  4 goblins
  9 hobgoblins
  3 jackals (D:1)
  4 kobolds
  A quokka (D:2)
  8 bats
  2 frilled lizards (D:3)
  4 rats
41 creatures vanquished.

Notes
Turn   | Place    | Note
-------+----------+-------------------------------------------
     0 | D:1      | Zeor the Demonspawn Gladiator began the quest for the Orb.
     0 | D:1      | Reached XP level 1. HP: 16/16 MP: 1/1
   165 | D:1      | Discovered your monstrous ancestry.
   165 | D:1      | Gained mutation: You have large cloven feet. [demonic
                  | ancestry]
   165 | D:1      | Reached XP level 2. HP: 20/22 MP: 2/2
   706 | D:1      | Identified a scroll of acquirement
   706 | D:1      | Acquired a +2 triple sword of protection
   828 | D:2      | Found a hazy altar of Hepliaklqana.
   890 | D:2      | Gained mutation: You regenerate a little health from kills.
                  | [demonic ancestry]
   890 | D:2      | Reached XP level 3. HP: 22/27 MP: 3/3
  1465 | D:3      | Noticed a kobold brigand
  1467 | D:3      | Reached XP level 4. HP: 33/33 MP: 4/4
  1472 | D:3      | Slain by a kobold brigand

Illustrated notes

Levels and vault maps discovered:
D:1:      amcnicky_arrival_wind_blow, layout_loops_ring, hex_large
D:2:      layout_loops_ring, basic_altar
D:3:      cheibrodos_thug_alley, layout_rooms, led_sif_book

Skill      XL: |  1  2 |
---------------+-------+-----
Long Blades    | 3 |  3.8
Dodging        | 3 |  3.1
Fighting       | |  2.2
Throwing       | |  1.9
Armour         | |  0.4

Action                     |  1- 3 |  4- 6 || total
---------------------------+-------+-------++-------
  Melee: Long sword        |    31 |       ||    31
         Triple sword      |    54 |     3 ||    57
         Kick              |    11 |     1 ||    12
    Use: Scroll            |     9 |       ||     9
         Potion            |     1 |     1 ||     2
   Stab: Sleeping          |     1 |       ||     1
 Armour: Leather armour    |    42 |       ||    42
  Dodge: Dodged            |    74 |     2 ||    76
